 Dungeon Crawl Stone Soup version 0.30-a0-748-ge6a52f7cba (webtiles) character file.

Game seed: 9861868974096920103

870 gelatine the Trooper (level 7, -3/63 HPs)
             Began as a Minotaur Berserker on Feb 8, 2023.
             Was a Priest of Trog.
             Succumbed to an orc wizard's poison
             ... on level 5 of the Dungeon.
             The game lasted 00:13:30 (3997 turns).

gelatine the Trooper (Minotaur Berserker)           Turns: 3997, Time: 00:13:30

Health: -3/63      AC: 19    Str: 24    XL:     7   Next: 73%
Magic:  6/6        EV:  8    Int:  4    God:    Trog [***...]
Gold:   267        SH:  0    Dex:  9    Spells: 6/6 levels left

rFire   . . .      SeeInvis .    a - +1 executioner's axe (heavy)
rCold   . . .      Faith    .    (shield currently unavailable)
rNeg    . . .      Spirit   .    b - +0 plate armour
rPois   .          Reflect  .    f - +2 hat "Isiq" {Regen+}
rElec   .          Harm     .    (no cloak)
rCorr   .          Rampage  .    l - +0 pair of gloves
Will    .....                    B - +2 pair of boots Stlth
                                 (no amulet)
HPRegen 1.10/turn                (no ring)
MPRegen 0.10/turn                (no ring)

@: lethally poisoned (-3 -> -25)
A: horns 2, retaliatory headbutt
a: Renounce Religion, Berserk, Trog's Hand


You were on level 5 of the Dungeon.
You worshipped Trog.
Trog was most pleased with you.
You visited 2 branches of the dungeon, and saw 6 of its levels.

You collected 318 gold pieces.
You spent 51 gold pieces at shops.

Inventory:

Hand Weapons
 a - a +1 heavy executioner's axe (weapon)
Armour
 b - a +0 plate armour (worn)
 f - the +2 hat "Isiq" (worn) {Regen+}
   (You acquired it on level 4 of the Dungeon)

   Regen:     It increases your rate of health regeneration.
 l - a +0 pair of gloves (worn)
 B - a +2 pair of boots (worn)
Jewellery
 y - a ring of ice
Scrolls
 d - 2 scrolls of enchant weapon {unknown}
 e - a scroll of blinking {unknown}
 g - 2 scrolls of fog {unknown}
 h - 4 scrolls of immolation
 i - 2 scrolls of amnesia {unknown}
 m - a scroll of noise {unknown}
 n - 3 scrolls of magic mapping
 o - 3 scrolls of teleportation
 r - a scroll of poison {unknown}
 u - a scroll of acquirement
 z - a scroll of butterflies {unknown}
 A - a scroll of identify
Potions
 c - a potion of might
 j - 2 potions of attraction
 k - a potion of mutation
 s - a potion of ambrosia
 t - 2 potions of haste
 x - a potion of resistance {unknown}


   Skills:
 * Level 6.0 Fighting
 * Level 5.7(6.2) Axes
 - Level 3.8(5.3) Maces & Flails
 * Level 5.8 Armour
 * Level 4.4 Dodging
 - Level 1.0 Stealth


You had 6 spell levels left.
You didn't know any spells.
Your spell library was empty.

Dungeon Overview and Level Annotations

Branches:
Dungeon (5/15)             Temple (1/1) D:5

Altars:
Ashenzari
Cheibriados
Elyvilon
Fedhas
Gozag
Kikubaaqudgha
Makhleb
Nemelex Xobeh
Okawaru
Qazlal
Trog
Vehumet
Wu Jian
Xom
Yredelemnul

Shops:
D:1 =   D:2 [**!


Innate Abilities, Weirdness & Mutations

You have a pair of horns on your head.
You reflexively headbutt those who attack you in melee.


Message History

You miss something.
You feel very sick. The orc hits you but does no damage.
Something hits you but does no damage.
You are more poisoned.
You hear some strange, mumbled words.
Something tries to affect you, but you resist.
The orc hits you but does no damage.
You barely miss something.
You feel extremely sick. The orc barely misses you.
Something hits you but does no damage.
You are more poisoned.
The orc hits you but does no damage. Something hits you but does no damage.
You are more poisoned.
Something hits you but does no damage. The orc hits you but does no damage.
You completely miss something. Your headbutt misses something.
You feel extremely sick. The orc hits you but does no damage.
Something hits you but does no damage.
You are more poisoned.
Something hits you but does no damage.
You are more poisoned.
The orc barely misses you.
You barely miss something.
You feel the effects of Trog's Hand fading.
You feel extremely sick. The orc barely misses you.
Something hits you but does no damage.
You are more poisoned.
The orc barely misses you. Something hits you but does no damage.
You miss something.
* * * LOW HITPOINT WARNING * * *
You feel extremely sick.
The orc hits you from afar with a +0 trident.
* * * LOW HITPOINT WARNING * * *
Something hits you but does no damage.
You are more poisoned.
The orc hits you but does no damage.
Something hits you but does no damage. x2
You are lethally poisoned!
The orc hits you but does no damage.
You barely miss something.
Your skin stops crawling.
You feel less strong-willed.
You die...

.. ....... .....>.
###... .........
....... .#... ........
....... .... #. #...
....!.. ... #.# # ##
....... .. #(.####.
).....o .# #......
.......{#)# #.#...>
.......#@# #..#...
.....^#..# ##.##.#
.........## ##.###
......##..# #### ##.##
##.......##
###..####...
###......###......#..##
#....#.##.........##
#...###...........#
#...# ##..........##


You could see an orc.

Vanquished Creatures
  The ghost of pigah the Magician, an amateur OpWn (D:3)
  Duvessa (D:4)
  A centaur (D:4)
  A gnoll sergeant (D:5)
  A scorpion (D:4)
  Dowan (D:4)
  A howler monkey (D:5)
  4 hounds
  2 iguanas (D:4)
  An orc wizard (D:5)
  4 adders
  2 white imps (D:5)
  A worm (D:5)
  2 dart slugs
  12 orcs
  8 bats
  8 endoplasms
  4 giant cockroaches
  6 hobgoblins
  4 quokkas
  8 ball pythons
  4 frilled lizards
  8 goblins
  8 kobolds
  7 rats
100 creatures vanquished.

Notes
Turn   | Place    | Note
-------+----------+-------------------------------------------
     0 | D:1      | gelatine the Minotaur Berserker began the quest for the
                  | Orb.
     0 | D:1      | Reached XP level 1. HP: 19/19 MP: 0/0
   139 | D:1      | Reached XP level 2. HP: 27/27 MP: 1/1
   194 | D:1      | Reached skill level 4 in Fighting
   295 | D:1      | Found Siruuxt's Jewellery Boutique.
   672 | D:1      | Reached ** piety under Trog
   685 | D:1      | Reached XP level 3. HP: 33/33 MP: 2/2
  1130 | D:2      | Found Xyelidesa's Distillery.
  1213 | D:2      | Found Catricut's Armour Shoppe.
  1235 | D:2      | Found Berhody's Assorted Antiques.
  1249 | D:2      | Bought a scroll labelled LOCVEU LUNEA for 21 gold pieces
  1249 | D:2      | Bought a golden potion for 18 gold pieces
  1312 | D:2      | Bought a potion of degeneration for 12 gold pieces
  1349 | D:2      | Found a radiant altar of Vehumet.
  1511 | D:2      | Found Keusk's Assorted Antiques.
  1985 | D:3      | Found a runed translucent door.
  1996 | D:3      | Noticed pigah's ghost (amateur OpWn)
  2374 | D:3      | Reached XP level 4. HP: 28/41 MP: 3/3
  2523 | D:3      | Killed pigah's ghost
  2524 | D:3      | Reached skill level 1 in Maces & Flails
  2524 | D:3      | Reached XP level 5. HP: 47/47 MP: 4/4
  2569 | D:4      | Noticed a centaur
  2570 | D:4      | Reached skill level 5 in Fighting
  2575 | D:4      | Killed a centaur
  2576 | D:4      | Reached skill level 5 in Axes
  2576 | D:4      | Reached XP level 6. HP: 44/56 MP: 5/5
  2631 | D:4      | Noticed Duvessa
  2632 | D:4      | Noticed Dowan
  2644 | D:4      | Killed Duvessa
  2652 | D:4      | Killed Dowan
  2653 | D:4      | Reached skill level 1 in Stealth
  2774 | D:4      | Reached skill level 5 in Armour
  2774 | D:4      | Reached XP level 7. HP: 51/61 MP: 6/6
  2848 | D:4      | Reached *** piety under Trog
  2911 | D:4      | Identified 3 scrolls of acquirement
  2911 | D:4      | Acquired a +1 heavy executioner's axe
  3298 | D:5      | Entered Level 5 of the Dungeon
  3311 | D:5      | Acquired the +2 hat "Isiq" {Regen+}
  3349 | D:5      | Found a staircase to the Ecumenical Temple.
  3358 | Temple   | Entered the Ecumenical Temple
  3847 | D:5      | Identified the +10 dagger of Fixation {protect, rF++ Will-
                  | Dex+6}
  3868 | D:5      | Reached skill level 6 in Fighting
  3997 | D:5      | Succumbed to an orc wizard's poison

Illustrated notes

Levels and vault maps discovered:
D:1:      amcnicky_arrival_flooded_fountain, layout_basic, serial_shops,
          nicolae_shop_crystal, roderic_lattice_a
D:2:      layout_basic, basic_altar, serial_shops, shop_statue, shop, shop,
          nicolae_shop_statue_plus
D:3:      layout_rooms, ebering_ghost_sewer_d, minmay_randomly_rotated_circles
D:4:      layout_rooms, uniq_duvessa
D:5:      minmay_opposing_rooms, layout_cave_pods, minmay_temple_entry_wispy
Temple:   eino_wide_crystal_templ

Skill      XL: |  1  2  3  4  5  6  7 |
---------------+----------------------+-----
Axes           | 4 5 |  5.7
Fighting       | 4 5 6 |  6.0
Dodging        | 3 4 |  4.4
Armour         | 3 4 5 |  5.8
Maces & Flails | 1 2 3 |  3.8
Stealth        | 1 |  1.0

Action                     |  1- 3 |  4- 6 |  7- 9 || total
---------------------------+-------+-------+-------++-------
  Melee: Hand axe          |    55 |       |       ||    55
         Headbutt          |    15 |     5 |    12 ||    32
         Mace              |    43 |    43 |     5 ||    91
         Executioner's axe |       |       |    50 ||    50
 Invoke: Trog's Hand       |       |     3 |     1 ||     4
         Berserk           |       |     3 |       ||     3
    Use: Scroll            |       |       |    12 ||    12
         Potion            |       |       |     3 ||     3
 Armour: Animal skin       |    13 |       |       ||    13
         Chain mail        |    29 |    21 |    42 ||    92
         Plate armour      |       |       |    53 ||    53
  Dodge: Dodged            |    64 |     9 |    54 ||   127

Table legend: (Time is in decaauts)
 A = Elapsed time spent in this place.
 B = Non-inter-level travel time spent in this place.
 C = Inter-level travel time spent in this place.
 D = Time resting spent in this place.
 E = Time spent auto-exploring this place.
 F = Levels seen in this place.
 G = Mean time per level.
                   A        B        C        D        E       F      G
               +--------+--------+--------+--------+--------+-----+--------+
         Total |   4117 |   3959 |    158 |      0 |   3075 |   6 |  686.2 |
       Dungeon |   4065 |   3915 |    150 |      0 |   3045 |   5 |  813.0 |
        Temple |     51 |     43 |      8 |      0 |     30 |   1 |   51.0 |
               +--------+--------+--------+--------+--------+-----+--------+

Top non-repeatable levels by time:
     D:1: 1085 daAuts
     D:4: 800 daAuts
     D:2: 752 daAuts
     D:3: 734 daAuts
     D:5: 692 daAuts
  Temple: 51 daAuts
